 Seeded DCSS version 0.27-a0-1200-g94dc6ad4cf (webtiles) character file.

Game seed: 1482225061180600175 (custom seed)

3948 flotson the Covert (level 10, -5/80 (82) HPs)
             Began as a Gnoll Delver on May 31, 2021.
             Was a Follower of Okawaru.
             Slain by a wyvern (12 damage)
             ... on level 9 of the Dungeon.
             The game lasted 00:18:56 (9961 turns).

flotson the Covert (Gnoll Delver)                   Turns: 9961, Time: 00:18:57

HP:   -5/80 (82)    AC:  9    Str: 15    XL:     10   Next: 21%
MP:   17/17         EV: 12    Int: 10    God:    Okawaru [*.....]
Gold: 2             SH: 11    Dex: 13    Spells: 19/19 levels left

rFire    . . .     SeeInvis .   a - +4 broad axe (vamp)
rCold    + . .     Faith    .   F - +2 kite shield
rNeg     . . .     Spirit   .   y - +3 leather armour {rC+}
rPois    .         Reflect  .   (no helmet)
rElec    .         Harm     .   (no cloak)
rCorr    +         Rampage  .   w - +0 pair of gloves
Will     .....                  b - +0 pair of boots
Stlth    ++++......             j - amulet of regeneration
HPRegen  1.23/turn              k - ring of resist corrosion
MPRegen  0.15/turn              (no ring)

@: lightly drained
A: fangs 1, strong nose, distributed training
a: Renounce Religion, Heroism


You were on level 9 of the Dungeon.
You worshipped Okawaru.
Okawaru was aware of your devotion.
You visited 2 branches of the dungeon, and saw 10 of its levels.

You collected 376 gold pieces.
You spent 374 gold pieces at shops.

Inventory:

Hand Weapons
 a - a +4 vampiric broad axe (weapon)
Missiles
 t - 12 boomerangs of dispersal (quivered)
 I - 16 poisoned darts
Armour
 b - a +0 pair of boots (worn)
 w - a +0 pair of gloves (worn)
 y - a +3 leather armour of cold resistance (worn)
 F - a +2 kite shield (worn)
 G - a +0 leather armour of fire resistance
Jewellery
 j - an amulet of regeneration (around neck)
 k - a ring of resist corrosion (left hand)
Wands
 g - a wand of digging (9)
 C - a wand of mindburst (8)
 H - a wand of polymorph (9)
Scrolls
 c - a scroll of fog
 d - 2 scrolls of magic mapping
 e - 2 scrolls of fear
 f - 4 scrolls of identify
 l - 2 scrolls of brand weapon {unknown}
 p - 3 scrolls of immolation {unknown}
 q - 2 scrolls of amnesia {unknown}
 r - a scroll of vulnerability {unknown}
 u - a scroll of enchant weapon {unknown}
 x - 4 scrolls of enchant armour {unknown}
 E - 2 scrolls of teleportation {unknown}
Potions
 h - a potion of mutation {unknown}
 m - 4 potions of curing
 n - a potion of flight {unknown}
 s - a potion of lignification {unknown}
 v - a potion of attraction {unknown}
 z - 2 potions of brilliance {unknown}
 B - 2 potions of heal wounds
 D - a potion of might {unknown}


   Skills:
 + Level 8.4 Fighting
 + Level 5.0 Short Blades
 + Level 5.0 Long Blades
 + Level 5.0 Axes
 + Level 5.0 Maces & Flails
 + Level 6.9 Polearms
 + Level 5.0 Staves
 + Level 5.0 Slings
 + Level 5.0 Bows
 + Level 5.0 Crossbows
 + Level 5.0 Throwing
 + Level 5.0 Armour
 + Level 6.9 Dodging
 + Level 10.7 Stealth
 + Level 5.0 Shields
 + Level 5.0 Unarmed Combat
 + Level 5.0 Spellcasting
 + Level 4.2 Conjurations
 + Level 4.2 Hexes
 + Level 4.2 Summonings
 + Level 4.2 Necromancy
 + Level 4.2 Translocations
 + Level 4.2 Transmutations
 + Level 4.2 Fire Magic
 + Level 4.2 Ice Magic
 + Level 4.2 Air Magic
 + Level 4.2 Earth Magic
 + Level 4.2 Poison Magic
 + Level 5.5 Invocations
 + Level 5.0 Evocations


You had 19 spell levels left.
You didn't know any spells.
Your spell library contained the following spells:

 Spells                   Type           Power      Damage    Failure   Level
 Foxfire                  Conj/Fire      40%        2x1d6     19%         1
 Magic Dart               Conj           40%        1d5       19%         1
 Shock                    Conj/Air       40%        1d5       19%         1
 Searing Ray              Conj           20%        3d3       26%         2
 Static Discharge         Conj/Air       10%        N/A       26%         2
 Conjure Flame            Conj/Fire      10%        6-21      47%         3
 Dazzling Flash           Conj/Hex       20%        N/A       47%         3
 Inner Flame              Hex/Fire       10%        N/A       47%         3
 Swiftness                Air            10%        N/A       47%         3
 Airstrike                Air            5%         N/A       87%         4
 Fulminant Prism          Conj/Hex       5%         3d7       87%         4
 Iskenderun's Mystic Bla  Conj/Tloc      10%        2d4       87%         4
 Sticky Flame             Conj/Fire      10%        2d3       87%         4
 Fireball                 Conj/Fire      5%         3d5       99%         5
 Lightning Bolt           Conj/Air       5%         1d17      99%         5


Dungeon Overview and Level Annotations

Branches:
Dungeon (9/15)             Temple (1/1) D:6
   Lair: D:8-11         Orc: D:9-12

Altars:
Ashenzari
Cheibriados
Dithmenos
Elyvilon
Fedhas
Kikubaaqudgha
Makhleb
Nemelex Xobeh
Okawaru
Qazlal
Sif Muna
Trog
Uskayaw
Vehumet
Xom
Yredelemnul
Zin
The Shining One

Shops:
D:2 =   D:4 (

Annotations:
D:8 2 runed translucent doors, exclusion: orange crystal statue
D:9 3 runed translucent doors, Erolcha; NeverWinsFormicid's ghost, journeyman FoEE


Innate Abilities, Weirdness & Mutations

You have very sharp teeth.
Your uncanny sense of smell can sniff out nearby items.
Your experience applies equally to all skills.


Message History

You slash the orc!
You kill the orc!
Okawaru accepts your kill. You block the wyvern's attack.
The wyvern closely misses you.
Unknown command.
You barely miss the wyvern.
The wyvern is almost dead.
Erolcha shouts!
You hit something but do no damage. The wyvern barely misses you.
The wyvern bites you! Something hits you.
You feel drained. You block the orc priest's attack. The wyvern bites you!
* * * LOW HITPOINT WARNING * * *
You are too injured to fight recklessly!
Unknown command.
You are too injured to fight recklessly!
Unknown command.
You are too injured to fight recklessly!
You hear some strange, mumbled words.
A magic dart appears from out of thin air!
The magic dart hits you.
* * * LOW HITPOINT WARNING * * *
The orc priest looks satisfied for a moment.
Erolcha screams, "Erolcha angry!"
You block the wyvern's attack.
You hear some strange, mumbled words.
A puff of flame appears from out of thin air!
The puff of flame hits you!
* * * LOW HITPOINT WARNING * * *
The wyvern barely misses you.
Erolcha points at herself and mumbles some strange words.
Erolcha flickers and vanishes!
The orc priest looks encouraged for a moment.
The wyvern completely misses you.
The wyvern bites you but does no damage.
The orc priest calls down the wrath of Beogh upon you.
Beogh smites you!
* * * LOW HITPOINT WARNING * * *
There is a stone staircase leading up here.
The wyvern bites you!
You die...

#.########################.######
#................................
#......)..................)...(..
#................................
#...................o############
#....................#
#....................####### ###
#................l.......... ...
#...............@..........( ...
#..................######### ###
#..................#
#..................#
#..................####### ######
#......................... ......
#............<............ .....y
#......................... ......
#.######################## #####.


You could see a wyvern and an orc priest.

Vanquished Creatures
  Harold (D:7)
  A hornet (D:9)
  Sigmund (D:5)
  A wyvern (D:9)
  Duvessa (D:4)
  A black bear (D:5)
  An ice beast (D:6)
  2 necrophages
  4 ogres
  3 centaurs
  4 phantoms
  2 bullfrogs
  A gnoll sergeant (D:6)
  3 scorpions
  Dowan (D:4)
  4 killer bees
  2 howler monkeys
  3 centaur zombies
  2 bullfrog zombies (D:5)
  An orc priest (D:6)
  3 jellies
  3 hounds
  2 bullfrog skeletons
  2 scorpion zombies (D:5)
  4 iguanas
  3 gnolls
  A howler monkey zombie (D:7)
  4 adders
  A river rat (D:4)
  A shadow imp (D:7)
  3 white imps
  An ufetubus (D:4)
  An adder skeleton (D:4)
  A dart slug (D:1)
  16 orcs
  2 endoplasms
  3 giant cockroaches
  6 goblins
  9 hobgoblins
  5 jackals
  6 quokkas
  6 ball pythons
  2 bats
  3 frilled lizards (D:2)
  7 kobolds
  12 rats
146 creatures vanquished.

Vanquished Creatures (others)
  3 fungi (D:9)
  A plant (D:9)
4 creatures vanquished.

Grand Total: 150 creatures vanquished

Notes
Turn   | Place    | Note
-------+----------+-------------------------------------------
     0 | D:5      | Reached skill level 9 in Stealth
     0 | D:5      | flotson the Gnoll Delver began the quest for the Orb.
     0 | D:5      | Reached XP level 1. HP: 23/23 MP: 1/1
    21 | D:5      | Noticed an ogre
    31 | D:5      | Noticed a phantom
    32 | D:5      | Noticed a phantom
    40 | D:4      | Noticed a phantom
   283 | D:1      | Found a faded altar of an unknown god.
   330 | D:1      | Reached XP level 2. HP: 29/29 MP: 2/2
   664 | D:1      | Noticed a ghoul
   666 | D:1      | Noticed a naga
   671 | D:1      | Noticed a minotaur zombie
   673 | D:1      | Noticed a human
   673 | D:1      | Noticed a centaur
   675 | D:1      | Noticed a vine stalker
   675 | D:1      | Noticed an elf
   678 | D:1      | Noticed a minotaur skeleton
   679 | D:1      | Noticed a felid
   681 | D:1      | Noticed a formicid
   724 | D:1      | Reached XP level 3. HP: 35/35 MP: 3/3
  1268 | D:2      | Reached skill level 1 in Invocations
  1350 | D:2      | Reached skill level 1 in Short Blades
  1350 | D:2      | Reached skill level 1 in Long Blades
  1350 | D:2      | Reached skill level 1 in Axes
  1350 | D:2      | Reached skill level 1 in Maces & Flails
  1350 | D:2      | Reached skill level 1 in Staves
  1350 | D:2      | Reached skill level 1 in Slings
  1350 | D:2      | Reached skill level 1 in Bows
  1350 | D:2      | Reached skill level 1 in Crossbows
  1350 | D:2      | Reached skill level 1 in Throwing
  1350 | D:2      | Reached skill level 1 in Armour
  1350 | D:2      | Reached skill level 1 in Shields
  1350 | D:2      | Reached skill level 1 in Unarmed Combat
  1350 | D:2      | Reached skill level 1 in Spellcasting
  1350 | D:2      | Reached skill level 1 in Evocations
  1445 | D:2      | Reached XP level 4. HP: 41/41 MP: 5/5
  1490 | D:2      | Found Naweufokk's Jewellery Boutique.
  1501 | D:2      | Killed a phantom
  1502 | D:2      | Reached skill level 1 in Conjurations
  1502 | D:2      | Reached skill level 1 in Hexes
  1502 | D:2      | Reached skill level 1 in Summonings
  1502 | D:2      | Reached skill level 1 in Necromancy
  1502 | D:2      | Reached skill level 1 in Translocations
  1502 | D:2      | Reached skill level 1 in Transmutations
  1502 | D:2      | Reached skill level 1 in Fire Magic
  1502 | D:2      | Reached skill level 1 in Ice Magic
  1502 | D:2      | Reached skill level 1 in Air Magic
  1502 | D:2      | Reached skill level 1 in Earth Magic
  1502 | D:2      | Reached skill level 1 in Poison Magic
  1502 | D:2      | Reached XP level 5. HP: 22/47 MP: 5/7
  2059 | D:3      | Found a large runed translucent door.
  2063 | D:3      | Found a large runed translucent door.
  2105 | D:3      | Found a white marble altar of Elyvilon.
  2120 | D:3      | Found a snail-covered altar of Cheibriados.
  2851 | D:4      | Reached XP level 6. HP: 42/53 MP: 8/8
  2887 | D:4      | Reached skill level 5 in Polearms
  2887 | D:4      | Reached skill level 5 in Dodging
  2981 | D:4      | Reached XP level 7. HP: 55/59 MP: 10/10
  3047 | D:4      | Found Romaq's Weapon Shop.
  3276 | D:4      | Noticed Dowan
  3277 | D:4      | Noticed Duvessa
  3666 | D:4      | Killed Dowan
  3691 | D:4      | Killed Duvessa
  3871 | D:5      | Noticed Sigmund
  3897 | D:5      | Killed Sigmund
  3898 | D:5      | Reached skill level 10 in Stealth
  3898 | D:5      | Reached XP level 8. HP: 60/67 MP: 10/12
  4594 | D:5      | Found a basalt altar of Yredelemnul.
  4747 | D:6      | Reached XP level 9. HP: 71/72 MP: 14/14
  4986 | D:6      | Found a staircase to the Ecumenical Temple.
  5013 | Temple   | Entered the Ecumenical Temple
  5089 | Temple   | Became a worshipper of Warmaster Okawaru
  5723 | D:6      | Found a staircase to the Ecumenical Temple.
  6157 | D:7      | Noticed Harold
  8002 | D:8      | Found a runed translucent door.
  8019 | D:8      | Found the +10 tower shield of Ignorance {rN+ Int-4}
  8027 | D:8      | Reached skill level 5 in Invocations
  8056 | D:8      | Found a runed translucent door.
  8057 | D:8      | Noticed an orange crystal statue
  8521 | D:7      | HP: 3/74 [Harold/+0 halberd (12)]
  8760 | D:9      | Noticed Erolcha
  8885 | D:9      | Found a bloodstained altar of Trog.
  8913 | D:9      | Found a runed translucent gate.
  8914 | D:9      | Found a runed translucent gate.
  8914 | D:9      | Found a runed translucent gate.
  8914 | D:9      | Noticed NeverWinsFormicid's ghost (journeyman FoEE)
  8920 | D:9      | Noticed a kobold demonologist
  9038 | D:9      | Noticed a komodo dragon
  9039 | D:9      | Noticed a hornet
  9086 | D:9      | Killed a hornet
  9249 | D:9      | Noticed a boulder beetle
  9249 | D:9      | Noticed a gargoyle
  9249 | D:9      | Noticed a centaur warrior
  9249 | D:9      | Noticed an ice dragon
  9528 | D:4      | Bought a +4 vampiric broad axe for 374 gold pieces
  9567 | D:5      | Reached XP level 10. HP: 80/80 MP: 17/17
  9721 | D:7      | Killed Harold
  9721 | D:7      | Reached * piety under Okawaru
  9722 | D:7      | Reached skill level 5 in Short Blades
  9722 | D:7      | Reached skill level 5 in Long Blades
  9722 | D:7      | Reached skill level 5 in Axes
  9722 | D:7      | Reached skill level 5 in Maces & Flails
  9722 | D:7      | Reached skill level 5 in Staves
  9722 | D:7      | Reached skill level 5 in Slings
  9722 | D:7      | Reached skill level 5 in Bows
  9722 | D:7      | Reached skill level 5 in Crossbows
  9722 | D:7      | Reached skill level 5 in Throwing
  9722 | D:7      | Reached skill level 5 in Armour
  9722 | D:7      | Reached skill level 5 in Shields
  9722 | D:7      | Reached skill level 5 in Unarmed Combat
  9722 | D:7      | Reached skill level 5 in Spellcasting
  9722 | D:7      | Reached skill level 5 in Evocations
  9961 | D:9      | Slain by a wyvern

Illustrated notes

Levels and vault maps discovered:
D:1:      shiori_arrival_whats_in_store_for_you, layout_rooms,
          shapermc_ecumenical_altar_gd
D:2:      layout_loops_ring, serial_shops, nicolae_shop_statue_plus,
          corexii_leaking_fountain
D:3:      layout_basic, jmf_multi_god_temple2
D:4:      layout_loops_ring, serial_shops, shop, gup_sewer_entry_bubbles,
          palyth_stone_intersect, uniq_duvessa
D:5:      layout_loops_ring, lemuel_zombie_altar_yredelemnul, uniq_sigmund
D:6:      layout_loops_ring, minmay_temple_entry_proselytizer
D:7:      layout_basic, nicolae_overflow_hidden_temple,
          kennysheep_big_empty_room, uniq_harold
D:8:      layout_rooms, chequers_guarded_unrand_ignorance
D:9:      layout_long_grid, trog_book, gammafunk_ghost_nasty_kobolds,
          wad_scary_box, uniq_erolcha
Temple:   regret_index_temple_waves

Skill      XL: |  1  2  3  4  5  6  7  8  9 10 |
---------------+-------------------------------+-----
Stealth        | 10 | 10.7
Invocations    | 1 2 3 4 5 |  5.5
Short Blades   | 1 2 3 4 5 |  5.0
Long Blades    | 1 2 3 4 5 |  5.0
Axes           | 1 2 3 4 5 |  5.0
Maces & Flails | 1 2 3 4 5 |  5.0
Staves         | 1 2 3 4 5 |  5.0
Slings         | 1 2 3 4 5 |  5.0
Bows           | 1 2 3 4 5 |  5.0
Crossbows      | 1 2 3 4 5 |  5.0
Throwing       | 1 2 3 4 5 |  5.0
Armour         | 1 2 3 4 5 |  5.0
Shields        | 1 2 3 4 5 |  5.0
Unarmed Combat | 1 2 3 4 5 |  5.0
Spellcasting   | 1 2 3 4 5 |  5.0
Evocations     | 1 2 3 4 5 |  5.0
Conjurations   | 1 2 3 4 |  4.2
Hexes          | 1 2 3 4 |  4.2
Summonings     | 1 2 3 4 |  4.2
Necromancy     | 1 2 3 4 |  4.2
Translocations | 1 2 3 4 |  4.2
Transmutations | 1 2 3 4 |  4.2
Fire Magic     | 1 2 3 4 |  4.2
Ice Magic      | 1 2 3 4 |  4.2
Air Magic      | 1 2 3 4 |  4.2
Earth Magic    | 1 2 3 4 |  4.2
Poison Magic   | 1 2 3 4 |  4.2
Polearms       | 5 6 |  6.9
Dodging        | 5 6 |  6.9
Fighting       | 7 8 |  8.4

Action                   |  1- 3 |  4- 6 |  7- 9 | 10-12 || total
-------------------------+-------+-------+-------+-------++-------
Melee: Rapier            |   107 |       |       |       ||   107
       Spear             |     7 |       |       |       ||     7
       Bite              |     9 |    10 |    79 |     1 ||    99
       Short sword       |       |    59 |       |       ||    59
       Falchion          |       |    79 |   455 |       ||   534
       Broad axe         |       |       |   116 |    23 ||   139
Throw: Boomerang         |       |       |     5 |       ||     5
Evoke: Wand              |       |       |     6 |     7 ||    13
  Use: Potion            |       |     1 |     4 |       ||     5
       Scroll            |       |       |     1 |       ||     1
 Stab: Sleeping          |     6 |     9 |    19 |     1 ||    35
       Paralysed         |       |       |     3 |       ||     3
Armor: Scale mail        |    47 |       |       |       ||    47
       Leather armour    |     6 |       |   209 |     4 ||   219
       Ring mail         |       |    55 |    10 |       ||    65
Dodge: Dodged            |    71 |    85 |   359 |    17 ||   532
Block: Kite shield       |       |       |   302 |    13 ||   315
       Rpst.: Falchion   |       |    13 |    66 |       ||    79

Table legend: (Time is in decaauts)
 A = Elapsed time spent in this place.
 B = Non-inter-level travel time spent in this place.
 C = Inter-level travel time spent in this place.
 D = Time resting spent in this place.
 E = Time spent auto-exploring this place.
 F = Levels seen in this place.
 G = Mean time per level.
                   A        B        C        D        E       F      G
               +--------+--------+--------+--------+--------+-----+--------+
         Total |  10261 |   9174 |   1087 |    371 |   6349 |  10 | 1026.1 |
       Dungeon |  10128 |   9098 |   1030 |    371 |   6288 |   9 | 1125.3 |
        Temple |    133 |     76 |     57 |      0 |     61 |   1 |  133.0 |
               +--------+--------+--------+--------+--------+-----+--------+

Top non-repeatable levels by time:
     D:6: 1965 daAuts
     D:7: 1816 daAuts
     D:4: 1145 daAuts
     D:1: 1041 daAuts
     D:3: 999 daAuts
     D:5: 995 daAuts
     D:2: 744 daAuts
     D:9: 712 daAuts
     D:8: 706 daAuts
  Temple: 133 daAuts
